Map: Redshift LE

Players

Must - Winner!

  • Race: Zerg Zerg
  • Spawn Location: 11:00

VOD

Have the link to the VOD?

Description

Time

  • Played on: July 19, 2018, 4:07 p.m.
  • Length: 13:41
Show
View Real Time Build Order
Export as new Build Order

Must Zerg - Winner!

Build Orders:  

Get SALT Encoding   

  12  0:01  Drone  
  13  0:20  Overlord  
  13  0:59  Hatchery, Drone  
  13  1:16  Drone x2  
  13  1:17  Drone  
  16  1:46  Spawning Pool  
  15  1:56  Drone x2  
  17  2:01  Extractor  
  16  2:15  Drone  
  16  2:17  Drone  
  17  2:52  Zergling x6  
  17  2:54  Queen  
  17  2:57  Queen  
  24  3:04  Zergling x4  
  26  3:42  Drone x2  
  26  3:43  Overlord  
  26  3:44  Overlord  
  28  4:10  Drone  
  28  4:11  Drone x3  
  32  4:21  Roach Warren  
  31  4:32  Zergling x4  
  31  4:36  Zergling x2  
  34  4:43  Lair  
  34  4:47  Zergling x6  
  37  5:08  Zergling x8  
  37  5:09  Zergling x2  
  40  5:39  Drone x2  
  42  5:40  Drone  
  42  5:41  Overlord  
  43  6:06  Metabolic Boost  
  40  6:29  Roach x6  
  51  6:31  Overlord  
  51  6:32  Overlord  
  51  6:44  Glial Reconstitution  
  51  6:49  Drone  
  52  6:50  Hatchery, Drone  
  52  6:51  Overlord  
  52  7:24  Roach  
  52  7:25  Roach x2  
  58  7:42  Extractor  
  58  7:48  Drone x7  
  58  7:49  Drone x3  
  66  8:04  Drone x2  
  68  8:10  Extractor  
  68  8:12  Extractor  
  66  8:21  Drone x4  
  70  8:32  Queen  
  72  8:48  Drone  
  72  8:49  Drone x7  
  80  9:02  Hydralisk Den  
  69  9:15  Drone x2  
  69  9:16  Drone  
  64  9:32  Roach  
  64  9:34  Roach x7  
  80  9:56  Roach  
  80  9:57  Roach  
  81  10:07  Queen  
  78  10:16  Roach  
  78  10:19  Overlord x2  
  80  10:24  Drone  
  81  10:46  Evolution Chamber  
  81  10:47  Evolution Chamber  
  79  10:51  Roach x2  
  79  10:52  Roach x7  
  97  11:14  Overlord x2  
  97  11:39  Overlord x2, Queen  
  97  12:15  Hydralisk  
  97  12:16  Hydralisk x8  
Tags
 
Add a new tag
Caveats
  • Supply blocks, unpowered buildings, or Contaminate may cause inaccurate times.
  • Supply counts are checked every 10 seconds.